 Dungeon Crawl Stone Soup version 0.30-a0-1014-g3371b13838 (webtiles) character file.

Game seed: 16883901163949008601

1006 Malachi the Shield-Bearer (level 8, 0/67 HPs)
             Began as a Gnoll Fighter on Apr 6, 2023.
             Killed by divine providence
             ... invoked by an orc priest
              (12 damage)
             ... on level 5 of the Dungeon.
             The game lasted 00:05:13 (4315 turns).

Malachi the Shield-Bearer (Gnoll Fighter)           Turns: 4315, Time: 00:05:14

Health: 0/67       AC: 13    Str: 13 (15) XL:     8   Next: 20%
Magic:  12/12      EV:  6    Int:  5 (7)  God:
Gold:   223        SH: 10    Dex: 15      Spells: 13/13 levels left

rFire   . . .      SeeInvis .    a - +0 long sword
rCold   . . .      Faith    .    g - +0 kite shield
rNeg    . . .      Spirit   .    n - +0 chain mail
rPois   .          Reflect  .    (no helmet)
rElec   +          Rampage  .    (no cloak)
rCorr   .                        l - +1 pair of gloves
Will    .....                    (no boots) Stlth
                                 t - amulet of regeneration
HPRegen 1.11/turn                (no ring)
MPRegen 0.13/turn                (no ring)

@: lethally poisoned (0 -> -5)
A: fangs 1, strong nose, distributed training, electricity resistance, no potion
heal 1
a: no special abilities


You were on level 5 of the Dungeon.
You visited 1 branch of the dungeon, and saw 5 of its levels.

You collected 223 gold pieces.

Inventory:

Hand Weapons
 a - a +0 long sword (weapon)
 m - a +0 arbalest
Armour
 b - a +0 scale mail
 c - a +0 buckler
 g - a +0 kite shield (worn)
 l - a +1 pair of gloves (worn)
 n - a +0 chain mail (worn)
Jewellery
 h - an amulet of guardian spirit
 t - an amulet of regeneration (around neck)
Scrolls
 f - 2 scrolls of identify
 i - a scroll of acquirement {unknown}
 j - a scroll of blinking {unknown}
 k - a scroll of fear
 s - 2 scrolls of immolation
 v - a scroll of amnesia
Potions
 d - 2 potions of might
 e - 3 potions of heal wounds
 r - a potion of attraction


   Skills:
 + Level 7.3 Fighting
 + Level 3.2 Short Blades
 + Level 5.6 Long Blades
 + Level 3.2 Axes
 + Level 3.2 Maces & Flails
 + Level 3.2 Polearms
 + Level 3.2 Staves
 + Level 3.2 Ranged Weapons
 + Level 3.2 Throwing
 + Level 7.3 Armour
 + Level 3.2 Dodging
 + Level 3.2 Stealth
 + Level 7.3 Shields
 + Level 3.2 Unarmed Combat
 + Level 3.2 Spellcasting
 + Level 2.6 Conjurations
 + Level 2.6 Hexes
 + Level 2.6 Summonings
 + Level 2.6 Necromancy
 + Level 2.6 Translocations
 + Level 2.6 Transmutations
 + Level 2.6 Fire Magic
 + Level 2.6 Ice Magic
 + Level 2.6 Air Magic
 + Level 2.6 Earth Magic
 + Level 2.6 Poison Magic
 + Level 3.5 Invocations
 + Level 3.2 Evocations


You had 13 spell levels left.
You didn't know any spells.
Your spell library contained the following spells:

 Spells                   Type           Power      Damage    Failure   Level
 Freeze                   Ice            12%        1d3       99%         1
 Shock                    Conj/Air       12%        1d3       99%         1
 Ensorcelled Hibernation  Hex/Ice        6%         N/A       100%        2
 Frozen Ramparts          Ice            6%         1d1       100%        3
 Hailstorm                Conj/Ice       3%         3d3       100%        3
 Spider Form              Tmut/Pois      3%         N/A       100%        3
 Swiftness                Air            3%         N/A       100%        3
 Airstrike                Air            1%         2d(1-17)  100%        4
 Anguish                  Hex/Necr       1%         N/A       100%        4


Dungeon Overview and Level Annotations

Branches:
Dungeon (5/15)
 Temple: D:4-7

Altars:
Fedhas
Qazlal
Sif Muna
Vehumet

Shops:
D:4 [


Innate Abilities, Weirdness & Mutations

You have very sharp teeth.
Your uncanny sense of smell can sniff out nearby items.
Your experience applies equally to all skills.
You are resistant to electric shocks. (rElec)
Potions are less effective at restoring your health.


Message History

* * * LOW HITPOINT WARNING * * *
You bump into the orcish idol.
You feel sick.
The orc priest hits you but does no damage.
You hit the orc priest.
The orc priest is moderately wounded.
You feel sick.
The orc wizard hits you but does no damage.
You are more poisoned.
You hit the orc but do no damage.
You feel very sick.
The orc priest hits you with a +0 hand axe.
* * * LOW HITPOINT WARNING * * *
The orc wizard hits you but does no damage.
You are more poisoned.
The orc hits you but does no damage.
Your system partially rejects the healing.
You feel better.
The orc priest hits you but does no damage.
The orc wizard casts a spell at you. The puff of flame hits you.
* * * LOW HITPOINT WARNING * * *
The orc hits you but does no damage.
You hit the orc priest. Your bite misses the orc priest.
The orc priest is heavily wounded.
You block the orc priest's attack.
The orc wizard hits you but does no damage.
You are poisoned.
You block the orc's attack.
The orc priest hits you but does no damage.
The orc wizard hits you with a +0 dagger of venom.
* * * LOW HITPOINT WARNING * * *
You are more poisoned.
The orc hits you but does no damage.
You hit the orc priest but do no damage.
Your bite misses the orc priest.
The orc priest is heavily wounded.
You feel very sick.
The orc priest mumbles some strange prayers to Beogh against you.
Beogh smites you!
You die...

##.....## #.######..#
##...##
#.......##.........#
##'##
#.......#..######.##
#.# #.......#..# #.#
#.# #.8...8.#..# #.#
######.## #.......####
##.## ....(...##
#.......# ##...#
#.##.....#####.8...8.#
#.#...
#.###........#..@o...#
##.#.# #.#
##..##...#..oo...#
##.##
#.####..##...#.8...8.#
###
#....>..######.......#
######.## ##.....##
#.# #8..)8# #.#
##...## ####.### ##'##
##......# ##..#######


You could see an orc priest, an orc wizard and an orc.

Vanquished Creatures
  Sigmund (D:2)
  An orc warrior (D:5)
  2 scorpions (D:4)
  3 hounds
  2 orc priests
  A sleepcap (D:5)
  An iguana (D:4)
  5 orc wizards
  9 adders
  5 gnolls
  3 river rats (D:3)
  A white imp (D:5)
  2 worms (D:3)
  5 dart slugs
  29 orcs
  2 bats
  6 endoplasms
  3 giant cockroaches
  6 hobgoblins
  10 jackals
  2 quokkas
  3 ball pythons
  4 frilled lizards
  8 goblins
  6 kobolds
  9 rats
129 creatures vanquished.

Notes
Turn   | Place    | Note
-------+----------+-------------------------------------------
     0 | D:1      | Malachi the Gnoll Fighter began the quest for the Orb.
     0 | D:1      | Reached XP level 1. HP: 23/23 MP: 1/1
   223 | D:1      | Reached XP level 2. HP: 28/29 MP: 2/2
   617 | D:1      | Reached XP level 3. HP: 35/35 MP: 2/4
   626 | D:1      | Reached skill level 1 in Invocations
   950 | D:2      | Reached skill level 1 in Short Blades
   950 | D:2      | Reached skill level 1 in Axes
   950 | D:2      | Reached skill level 1 in Maces & Flails
   950 | D:2      | Reached skill level 1 in Polearms
   950 | D:2      | Reached skill level 1 in Staves
   950 | D:2      | Reached skill level 1 in Ranged Weapons
   950 | D:2      | Reached skill level 1 in Throwing
   950 | D:2      | Reached skill level 1 in Dodging
   950 | D:2      | Reached skill level 1 in Stealth
   950 | D:2      | Reached skill level 1 in Unarmed Combat
   950 | D:2      | Reached skill level 1 in Spellcasting
   950 | D:2      | Reached skill level 1 in Evocations
   989 | D:2      | Noticed Sigmund
  1000 | D:2      | Killed Sigmund
  1001 | D:2      | Reached skill level 1 in Conjurations
  1001 | D:2      | Reached skill level 1 in Hexes
  1001 | D:2      | Reached skill level 1 in Summonings
  1001 | D:2      | Reached skill level 1 in Necromancy
  1001 | D:2      | Reached skill level 1 in Translocations
  1001 | D:2      | Reached skill level 1 in Transmutations
  1001 | D:2      | Reached skill level 1 in Fire Magic
  1001 | D:2      | Reached skill level 1 in Ice Magic
  1001 | D:2      | Reached skill level 1 in Air Magic
  1001 | D:2      | Reached skill level 1 in Earth Magic
  1001 | D:2      | Reached skill level 1 in Poison Magic
  1001 | D:2      | Reached XP level 4. HP: 29/41 MP: 4/6
  1001 | D:2      | Reached XP level 5. HP: 34/47 MP: 4/7
  1475 | D:2      | Reached XP level 6. HP: 53/53 MP: 8/8
  1573 | D:3      | Found a shimmering blue altar of Sif Muna.
  1615 | D:3      | Found a faded altar of an unknown god.
  1646 | D:3      | Prayed at the altar of an unknown god.
  1646 | D:3      | Became a worshipper of Vehumet
  1646 | D:3      | Reached * piety under Vehumet
  1646 | D:3      | Offered knowledge of Kiss of Death by Vehumet.
  1938 | D:3      | Reached skill level 5 in Long Blades
  2159 | D:3      | Found a glowing drain.
  2335 | D:3      | Found a stormy altar of Qazlal.
  2508 | D:3      | Fell from the grace of Vehumet
  2563 | D:4      | Reached XP level 7. HP: 48/60 MP: 10/10
  2567 | D:4      | Found Jotiku's Armour Emporium.
  3037 | D:4      | Gained mutation: Potions are less effective at restoring
                  | your health. [potion of mutation]
  3037 | D:4      | Gained mutation: You are resistant to electric shocks.
                  | (rElec) [potion of mutation]
  3098 | D:5      | Entered Level 5 of the Dungeon
  3209 | D:5      | Found a blossoming altar of Fedhas.
  3404 | D:5      | Found a runed translucent door.
  4190 | D:5      | Reached XP level 8. HP: 62/67 MP: 12/12
  4315 | D:5      | Killed from afar by an orc priest

Illustrated notes

Levels and vault maps discovered:
D:1:      matt_arrival_spirals, layout_loops_ring
D:2:      layout_basic, uniq_sigmund
D:3:      layout_loops_ring, nicolae_qazlal_scattered_showers,
          amcnicky_altar_gilded, lightli_sewer_entry_pipes,
          dreamdust_ecumenical_altar_hidden_monk_grotto
D:4:      layout_rooms, serial_shops, shop
D:5:      layout_loops_corners, mainiacjoe_overflow_cross_hatched,
          lightli_church_of_beogh

Skill      XL: |  1  2  3  4  5  6  7 |
---------------+----------------------+-----
Invocations    | 2 3 |  3.5
Short Blades   | 1 2 3 |  3.2
Axes           | 1 2 3 |  3.2
Maces & Flails | 1 2 3 |  3.2
Polearms       | 1 2 3 |  3.2
Staves         | 1 2 3 |  3.2
Ranged Weapons | 1 2 3 |  3.2
Throwing       | 1 2 3 |  3.2
Dodging        | 1 2 3 |  3.2
Stealth        | 1 2 3 |  3.2
Unarmed Combat | 1 2 3 |  3.2
Spellcasting   | 1 2 3 |  3.2
Evocations     | 1 2 3 |  3.2
Conjurations   | 1 2 |  2.6
Hexes          | 1 2 |  2.6
Summonings     | 1 2 |  2.6
Necromancy     | 1 2 |  2.6
Translocations | 1 2 |  2.6
Transmutations | 1 2 |  2.6
Fire Magic     | 1 2 |  2.6
Ice Magic      | 1 2 |  2.6
Air Magic      | 1 2 |  2.6
Earth Magic    | 1 2 |  2.6
Poison Magic   | 1 2 |  2.6
Long Blades    | 5 |  5.6
Fighting       | 7 |  7.3
Armour         | 7 |  7.3
Shields        | 7 |  7.3

Action                     |  1- 3 |  4- 6 |  7- 9 || total
---------------------------+-------+-------+-------++-------
  Melee: Long sword        |    88 |   169 |   225 ||   482
         Bite              |     5 |    13 |    17 ||    35
 Invoke: Renounce Religion |       |     1 |       ||     1
    Use: Potion            |       |       |     9 ||     9
         Scroll            |       |       |     6 ||     6
 Armour: Scale mail        |    35 |       |       ||    35
         Chain mail        |     3 |    88 |   146 ||   237
  Dodge: Dodged            |    25 |    41 |    66 ||   132
  Block: Kite shield       |    57 |    92 |   144 ||   293
         Buckler           |     1 |       |       ||     1

Table legend: (Time is in decaauts)
 A = Elapsed time spent in this place.
 B = Non-inter-level travel time spent in this place.
 C = Inter-level travel time spent in this place.
 D = Time resting spent in this place.
 E = Time spent auto-exploring this place.
 F = Levels seen in this place.
 G = Mean time per level.
                   A        B        C        D        E       F      G
               +--------+--------+--------+--------+--------+-----+--------+
         Total |   4471 |   4294 |    177 |    144 |   3036 |   5 |  894.2 |
       Dungeon |   4471 |   4294 |    177 |    144 |   3036 |   5 |  894.2 |
               +--------+--------+--------+--------+--------+-----+--------+

Top non-repeatable levels by time:
     D:5: 1257 daAuts
     D:3: 1042 daAuts
     D:1: 839 daAuts
     D:2: 729 daAuts
     D:4: 603 daAuts
